 Dungeon Crawl Stone Soup version 0.27.0-1-g7a089689b8 (webtiles) character file.

Game seed: 4910037178529103213

1553 SunEater the Cleaver (level 8, -1/70 HPs)
             Began as a Minotaur Fighter on Aug 12, 2021.
             Was a Believer of Okawaru.
             Killed from afar by an electric eel (7 damage)
             ... with a bolt of electricity
             ... on level 6 of the Dungeon.
             The game lasted 00:14:44 (4850 turns).

SunEater the Cleaver (Minotaur Fighter)             Turns: 4850, Time: 00:14:46

Health: -1/70      AC: 14    Str: 24    XL:     8   Next: 57%
Magic:  9/9        EV:  5    Int: 11    God:    Okawaru [**....]
Gold:   325        SH: 10    Dex:  9    Spells: 7/7 levels left

rFire    . . .     SeeInvis .   a - +0 war axe
rCold    . . .     Faith    .   c - +0 kite shield
rNeg     . . .     Spirit   .   u - +0 plate armour
rPois    .         Reflect  .   (helmet restricted)
rElec    .         Harm     .   d - +0 cloak
rCorr    .         Rampage  .   (no gloves)
Will     .....                  (no boots)
Stlth    ..........             n - amulet of regeneration
HPRegen  1.21/turn              m - +6 ring of intelligence
MPRegen  0.11/turn              (no ring)

@: very slow
A: horns 2, retaliatory headbutt
a: Renounce Religion, Heroism


You were on level 6 of the Dungeon.
You worshipped Okawaru.
Okawaru was pleased with you.
You visited 2 branches of the dungeon, and saw 7 of its levels.

You collected 325 gold pieces.

Inventory:

Hand Weapons
 a - a +0 war axe (weapon)
Armour
 c - a +0 kite shield (worn)
 d - a +0 cloak (worn)
 u - a +0 plate armour (worn)
Jewellery
 m - a +6 ring of intelligence (left hand)
 n - an amulet of regeneration (around neck)
 y - a ring of ice
Wands
 w - a wand of charming (12)
Scrolls
 b - 2 scrolls of fog {unknown}
 h - a scroll of teleportation {unknown}
 i - 5 scrolls of identify {unknown}
 r - a scroll of amnesia {unknown}
 s - a scroll of enchant armour {unknown}
 t - 2 scrolls of fear {unknown}
 v - a scroll of noise {unknown}
Potions
 e - a potion of magic {unknown}
 f - a potion of mutation {unknown}
 g - 2 potions of haste {unknown}
 j - 2 potions of curing {unknown}
 k - 4 potions of berserk rage {unknown}
 l - 2 potions of lignification {unknown}
 o - a potion of flight {unknown}
 p - a potion of ambrosia {unknown}
 q - a potion of might
 x - 2 potions of invisibility {unknown}


   Skills:
 + Level 5.7 Fighting
 - Level 8.0 Axes
 + Level 7.4 Armour
 - Level 0.7 Dodging
 + Level 6.7 Shields
 * Level 2.8 Invocations


You had 7 spell levels left.
You didn't know any spells.
Your spell library contained the following spells:

 Spells                   Type           Power      Damage    Failure   Level
 Passwall                 Tmut/Erth      0%         N/A       100%        2
 Sublimation of Blood     Necr           0%         N/A       100%        2
 Wereblood                Tmut           0%         N/A       100%        2
 Swiftness                Air            0%         N/A       100%        3
 Invisibility             Hex            0%         N/A       100%        6
 Summon Hydra             Summ           0%         N/A       100%        7


Dungeon Overview and Level Annotations

Branches:
Dungeon (6/15)             Temple (1/1) D:4

Altars:
Dithmenos
Elyvilon
Hepliaklqana
Kikubaaqudgha
Makhleb
Nemelex Xobeh
Okawaru
Qazlal
Ru
Vehumet
Wu Jian
Yredelemnul
Zin
The Shining One


Innate Abilities, Weirdness & Mutations

You have a pair of horns on your head.
You reflexively headbutt those who attack you in melee.


Message History

The iguana is lightly wounded.
The iguana bites you.
You slash the iguana!
The iguana is severely wounded.
The iguana barely misses you.
Your shield prevents you from hitting the iguana.
The iguana is severely wounded.
You block the iguana's attack.
You slash the iguana!
You kill the iguana!
Okawaru accepts your kill.
You see here an iguana corpse.
Found a stone staircase leading down.
An electric eel comes into view.
An electric eel is nearby!
The electric eel shoots out a bolt of lightning at you!
The bolt of electricity hits you! The bolt of electricity hits you.
You enter the shallow water.
Moving in this stuff is going to be slow.
The electric eel shoots out a bolt of lightning at you!
The bolt of electricity hits you. The bolt of electricity hits you!
You slash the electric eel!
The electric eel is severely wounded.
The electric eel shoots out a bolt of lightning at you!
The bolt of electricity hits you! The bolt of electricity hits you.
Your unstable footing causes you to fumble your attack.
The electric eel shoots out a bolt of lightning at you!
The bolt of electricity hits you!
* * * LOW HITPOINT WARNING * * *
The bolt of electricity hits you.
* * * LOW HITPOINT WARNING * * *
Your unstable footing causes you to fumble your attack.
Your unstable footing causes you to fumble your attack.
You hit the electric eel.
The electric eel is almost dead.
The electric eel shoots out a bolt of lightning at you!
The bolt of electricity hits you!
* * * LOW HITPOINT WARNING * * *
The bolt of electricity hits you!
You die...

♣ ♣♣♣♣♣# ####
♣≈≈≈♣≈.≈≈## ....
.≈≈≈≈.;@..# ##
≈≈≈≈≈≈♣♣≈.# ####
♣♣♣≈≈♣♣ ♣♣.# ...# ♣..♣
♣#.# ##.# ..♣ #..#
...###.# ≈♣###.#####
#...#..# P.♣♣........#
#.#...##....##........#
#........# #........#


You could see an electric eel.

Vanquished Creatures
  A water moccasin (D:6)
  2 orc warriors (D:6)
  A sky beast (D:5)
  A black bear (D:4)
  2 ogres (D:6)
  3 scorpions
  A howler monkey (D:6)
  3 electric eels (D:6)
  A bullfrog zombie (D:6)
  A hound (D:5)
  3 bullfrog skeletons
  Crazy Yiuf (D:2)
  Natasha (thrice) (D:2)
  2 orc wizards (D:6)
  4 iguanas
  A hound skeleton (D:4)
  Robin (D:2)
  A howler monkey zombie (D:5)
  5 adders
  An ufetubus (D:3)
  2 worms
  A dart slug (D:3)
  9 orcs
  3 bats (D:2)
  6 endoplasms
  2 giant cockroaches
  16 goblins
  10 hobgoblins
  8 jackals
  3 quokkas
  4 ball pythons
  4 frilled lizards
  A jackal skeleton (D:4)
  4 kobolds
  A quokka skeleton (D:4)
  4 rats
116 creatures vanquished.

Vanquished Creatures (others)
  13 plants (D:6)
13 creatures vanquished.

Grand Total: 129 creatures vanquished

Notes
Turn   | Place    | Note
-------+----------+-------------------------------------------
     0 | D:1      | SunEater the Minotaur Fighter began the quest for the Orb.
     0 | D:1      | Reached XP level 1. HP: 19/19 MP: 0/0
   241 | D:1      | Found a faded altar of an unknown god.
   658 | D:2      | Reached XP level 2. HP: 19/27 MP: 1/1
   750 | D:2      | Noticed Robin
   761 | D:2      | Killed Robin
   762 | D:2      | Reached XP level 3. HP: 19/33 MP: 2/2
  1126 | D:2      | Reached skill level 3 in Axes
  1161 | D:2      | Noticed Natasha
  1167 | D:2      | Killed Natasha
  1168 | D:2      | Reached XP level 4. HP: 22/40 MP: 3/3
  1330 | D:2      | Noticed Natasha
  1337 | D:2      | Killed Natasha
  1374 | D:2      | Noticed Natasha
  1382 | D:2      | Killed Natasha
  1383 | D:2      | Reached skill level 4 in Axes
  1468 | D:2      | You fall into a shaft and drop 2 floors!
  1512 | D:2      | Reached XP level 5. HP: 44/46 MP: 4/4
  1694 | D:2      | Found a runed translucent door.
  1695 | D:2      | Noticed Crazy Yiuf
  1834 | D:2      | Killed Crazy Yiuf
  2120 | D:3      | Reached skill level 5 in Armour
  2413 | D:3      | Found a glowing golden altar of the Shining One.
  2774 | D:4      | Noticed a black bear
  2781 | D:4      | Killed a black bear
  2782 | D:4      | Reached skill level 5 in Axes
  2782 | D:4      | Reached XP level 6. HP: 53/53 MP: 5/5
  2860 | D:4      | Reached skill level 5 in Shields
  3027 | D:4      | Found a staircase to the Ecumenical Temple.
  3036 | Temple   | Entered the Ecumenical Temple
  3052 | Temple   | Became a worshipper of Warmaster Okawaru
  3384 | D:5      | Entered Level 5 of the Dungeon
  3564 | D:5      | Reached skill level 6 in Axes
  3654 | D:5      | Reached XP level 7. HP: 60/60 MP: 6/6
  4247 | D:6      | Reached * piety under Okawaru
  4248 | D:6      | Reached skill level 5 in Fighting
  4248 | D:6      | Reached skill level 7 in Axes
  4472 | D:6      | Reached skill level 1 in Invocations
  4483 | D:6      | Reached XP level 8. HP: 39/68 MP: 7/7
  4597 | D:6      | Reached skill level 8 in Axes
  4609 | D:6      | Reached ** piety under Okawaru
  4850 | D:6      | Killed from afar by an electric eel

Illustrated notes

Levels and vault maps discovered:
D:1:      dpeg_arrival_signposts, layout_rooms,
          shapermc_ecumenical_altar_hornbeckon
D:2:      layout_rooms, roderic_st_hans_cross, uniq_robin,
          uniq_crazy_yiuf_cottage, uniq_natasha
D:3:      layout_basic, mainiacjoe_overflow_alcove_4, patterned_corridor
D:4:      layout_cave_pools, minmay_temple_entry_trees,
          chequers_serial_rivers_micro_d, kennysheep_doodads,
          grunt_ministairs_9, minmay_goblin_kobold_house
D:5:      layout_loops_corners, kennysheep_decorative_pillar
D:6:      layout_rooms, serial_shops, kennysheep_mini, serial_bayou,
          serial_bayou_shore_a, serial_bayou_pond_b, serial_bayou_pond_e,
          serial_bayou_crossing, lightli_minifort
Temple:   dshaligram_water_room_temple

Skill      XL: |  1  2  3  4  5  6  7  8 |
---------------+-------------------------+-----
Armour         | 4 5 6 7 |  7.4
Shields        | 4 5 6 |  6.7
Axes           | 3 4 5 6 7 8 |  8.0
Fighting       | 4 5 |  5.7
Invocations    | 1 2 |  2.8
Dodging        | |  0.7

Action                   |  1- 3 |  4- 6 |  7- 9 || total
-------------------------+-------+-------+-------++-------
Melee: War axe           |    54 |   124 |   129 ||   307
       Headbutt          |     6 |    29 |    17 ||    52
  Use: Potion            |       |     1 |       ||     1
Armor: Scale mail        |    33 |    55 |       ||    88
       Plate armour      |       |     2 |    59 ||    61
Dodge: Dodged            |    29 |    45 |    25 ||    99
Block: Kite shield       |    35 |    77 |    43 ||   155
